 Dungeon Crawl Stone Soup version 0.31-a0-108-gdf935468f2 (webtiles) character file.

Game seed: 552085274899439607

784 porpoise the Skirmisher (level 8, -1/51 HPs)
             Began as a Kobold Hunter on May 28, 2023.
             Was an Initiate of Okawaru.
             Slain by Duvessa
             ... wielding a +0 short sword
              (13 damage)
             ... on level 4 of the Dungeon.
             The game lasted 00:10:31 (3520 turns).

porpoise the Skirmisher (Kobold Hunter)             Turns: 3520, Time: 00:10:31

Health: -1/51      AC:  5    Str:  8    XL:     8   Next: 11%
Magic:  17/17      EV: 19    Int: 14    God:    Okawaru [......]
Gold:   348        SH:  0    Dex: 20    Spells: 7/7 levels left

rFire   . . .        a - +0 shortbow
rCold   . . .        (shield currently unavailable)
rNeg    . . .        c - +0 leather armour
rPois   .            t - +0 helmet
rElec   .            f - +0 cloak
rCorr   .            (no gloves)
SInv    +            (no boots)
Will    .....        (no amulet)
Stlth   +++          k - +5 ring of evasion
HPRegen 0.28/turn    p - ring of Kupeorr {MP+9 Int+3 SInv}
MPRegen 0.15/turn

%: no passive effects
@: about to teleport, studying Fighting
A: small, no large weapons, nightstalker 3
a: Renounce Religion


You were on level 4 of the Dungeon.
You worshipped Okawaru.
Okawaru was noncommittal.
You visited 1 branch of the dungeon, and saw 5 of its levels.

You collected 374 gold pieces.
You spent 26 gold pieces at shops.

Inventory:

Hand Weapons
 a - a +0 shortbow (weapon)
Missiles
 q - 2 boomerangs
Armour
 c - a +0 leather armour (worn)
 f - a +0 cloak (worn)
 g - a +0 buckler
 j - the +0 robe of Disguise {rF++ rC+++ Str-4 Dex-5}
   (You found it on level 2 of the Dungeon)

   Str:       It affects your strength (-4).
   Dex:       It affects your dexterity (-5).
   rF:        It greatly protects you from fire.
   rC:        It renders you almost immune to cold.
 t - a +0 helmet (worn)
Jewellery
 k - a +5 ring of evasion (left hand)
 p - the ring of Kupeorr (right hand) {MP+9 Int+3 SInv}
   (You found it on level 3 of the Dungeon)

   [ring of magical power]

   Int:       It affects your intelligence (+3).
   MP:        It affects your magic capacity (+9).
   SInv:      It lets you see invisible.
Scrolls
 b - 2 scrolls of immolation
 h - a scroll of poison {unknown}
 i - a scroll of blinking {unknown}
 n - a scroll of fog {unknown}
 r - a scroll of enchant weapon {unknown}
Potions
 d - a potion of berserk rage
 l - a potion of brilliance
 m - a potion of haste {unknown}
 o - a potion of enlightenment {unknown}
 s - a potion of attraction {unknown}
 u - a potion of cancellation {unknown}


   Skills:
 + Level 5.8 Fighting
 * Level 10.3 Ranged Weapons
 - Level 2.4 Dodging
 - Level 2.5 Stealth


You had 7 spell levels left.
You didn't know any spells.
Your spell library contained the following spells:

 Spells                   Type           Power      Damage    Failure   Level
 Sublimation of Blood     Necr           0%         N/A       54%         2
 Wereblood                Tmut           0%         N/A       54%         2
 Summon Hydra             Summ           Unusable   N/A       N/A         7

Dungeon Overview and Level Annotations

Branches:
Dungeon (5/15)
 Temple: D:4-7

Altars:
Kikubaaqudgha
Nemelex Xobeh
Okawaru
Wu Jian

Shops:
D:1 !   D:2 *

Annotations:
D:4 Duvessa


Innate Abilities, Weirdness & Mutations

You are small and have problems with some larger weapons.
You are completely attuned to the shadows.


Message History

Dowan is heavily wounded.
You shoot an arrow. The arrow hits Dowan!
You kill Dowan!
Okawaru accepts your kill.
Duvessa weeps, and shakes her weapon.
Duvessa goes berserk!
You hear a shout!
Unknown command.
Unknown command.
Okay, then.
Unknown command.
Unknown command.
Unknown command.
You shoot an arrow. The arrow hits Duvessa.
Duvessa is lightly wounded.
You hear a shout!
A gnoll comes into view. It is wielding a +0 flail.
Duvessa hits you with a +0 short sword! Duvessa hits you with a +0 short sword.
Found a pair of gloves.
You shoot an arrow. The arrow barely misses Duvessa.
Duvessa completely misses you. Duvessa hits you with a +0 short sword!
You are too injured to fight recklessly!
You are too injured to fight recklessly!
Unknown command.
Fire: a) +0 shortbow
Press: ? - help, Q - select action, (/) - cycle Shift-Dir - straight line, f/p - Duvessa
Aim: Duvessa, wielding a +0 short sword and wearing a +0 leather armour (lightly wounded, berserk, 72% to hit)
You shoot an arrow. The arrow hits Duvessa!
Duvessa is lightly wounded.
Duvessa hits you with a +0 short sword!
* * * LOW HITPOINT WARNING * * *
As you read the scroll labelled MEKHYXZ EPTI, it crumbles to dust.
You feel strangely unstable.
It was a scroll of teleportation.
Duvessa misses you.
A gnoll comes into view. It is wielding a +0 spear.
Duvessa misses you. Duvessa attacks as you move away!
Duvessa barely misses you. Duvessa hits you with a +0 short sword!
You die...

.. #.# ..## #.#
... #.# #..#
#.#.##### #.##
#. #g.#
....<)..#####.##
#.##..###
................
#...)....
..##########.###
#....#####..#
#.# #
#.....gge@.[#
#.#
###.######.##
#.# #.# #)# #<#
#.# #.######.##
#.........#
########..###
#..... #.####


You could see Duvessa (berserk) and 2 gnolls.

Vanquished Creatures
  Grinder (D:3)
  Edmund (D:4)
  2 phantoms
  Dowan (D:4)
  2 sleepcaps
  3 iguanas (D:5)
  Robin (D:4)
  4 adders
  A white imp (D:5)
  5 worms
  A dart slug (D:1)
  3 orcs
  6 endoplasms
  2 giant cockroaches
  16 goblins
  7 hobgoblins
  9 jackals
  A kobold (D:1)
  3 quokkas
  5 ball pythons
  A bat (D:1)
  9 frilled lizards
  4 rats
88 creatures vanquished.

Notes
Turn   | Place    | Note
-------+----------+-------------------------------------------
     0 | D:1      | porpoise the Kobold Hunter began the quest for the Orb.
     0 | D:1      | Reached XP level 1. HP: 12/12 MP: 1/1
    21 | D:1      | Found Qakhaom's Distillery.
   215 | D:1      | Reached XP level 2. HP: 18/18 MP: 2/2
   478 | D:1      | Reached XP level 3. HP: 22/22 MP: 3/3
   615 | D:1      | Reached skill level 6 in Ranged Weapons
  1007 | D:2      | Found Dyre's General Store.
  1012 | D:2      | Bought a scroll of identify for 26 gold pieces
  1270 | D:2      | Identified the +0 robe of Disguise {rF++ rC+++ Str-4 Dex-5}
  1297 | D:2      | Reached XP level 4. HP: 17/27 MP: 4/4
  1352 | D:2      | Found a faded altar of an unknown god.
  1499 | D:2      | Noticed a phantom
  1504 | D:2      | Killed a phantom
  1505 | D:2      | Reached skill level 7 in Ranged Weapons
  1505 | D:2      | Reached XP level 5. HP: 32/32 MP: 5/5
  1958 | D:3      | Identified the ring of Kupeorr {MP+9 Int+3 SInv}
  2182 | D:3      | Found an ancient bone altar of Kikubaaqudgha.
  2238 | D:3      | Noticed Grinder
  2243 | D:3      | Paralysed by Grinder for 2 turns
  2252 | D:3      | Killed Grinder
  2253 | D:3      | Reached skill level 8 in Ranged Weapons
  2253 | D:3      | Reached XP level 6. HP: 17/39 MP: 6/6
  2253 | D:3      | Reached XP level 7. HP: 19/44 MP: 7/7
  2450 | D:3      | Found a sparkling altar of Nemelex Xobeh.
  2641 | D:4      | Noticed Edmund
  2664 | D:4      | Killed Edmund
  2665 | D:4      | Reached skill level 9 in Ranged Weapons
  2978 | D:4      | Reached skill level 5 in Fighting
  3008 | D:4      | Noticed Robin
  3040 | D:4      | Killed Robin
  3186 | D:4      | You fall into a shaft and drop 1 floor!
  3186 | D:5      | Entered Level 5 of the Dungeon
  3212 | D:5      | Reached skill level 10 in Ranged Weapons
  3252 | D:5      | Reached XP level 8. HP: 49/50 MP: 8/8
  3351 | D:4      | Found an ornate altar of the Wu Jian Council.
  3377 | D:4      | Found an iron altar of Okawaru.
  3425 | D:4      | Became a worshipper of Warmaster Okawaru
  3507 | D:4      | Noticed Dowan
  3509 | D:4      | Noticed Duvessa
  3511 | D:4      | Killed Dowan
  3520 | D:4      | Slain by Duvessa

Illustrated notes

Levels and vault maps discovered:
D:1:      noname_arrival_rooms_in_the_neighbourhood, layout_basic, serial_shops,
          nicolae_shop_temple_entry_statues_fountains, kennysheep_small_spiral
D:2:      layout_rooms, serial_glass, glass_columns_a, glass_columns_a,
          glass_columns_a, glass_columns_c, glass_columns_a, glass_columns_a,
          glass_columns_a, glass_columns_b, serial_shops, shop_statue,
          shapermc_ecumenical_altar_acropolis, grunt_decor_mini_mirrors,
          minmay_distorted
D:3:      layout_rooms, nemelex_dance_club_becter, marbit_many_paths,
          hangedman_decor_lopped, uniq_grinder
D:4:      layout_loops_ring, mainiacjoe_overflow_small_starburst,
          mainiacjoe_overflow_surrounded_room, lemuel_round_altar,
          nzn_wu_jian_contemplation, hangedman_feature_mirror,
          minmay_gold_behind_fungi, uniq_natasha, uniq_duvessa, uniq_edmund,
          uniq_robin
D:5:      layout_rooms, zin_statuary, jmf_multi_god_temple,
          mainiacjoe_overflow_catwalk, minmay_temple_entry_waves,
          minmay_manual_mess

Skill      XL: |  1  2  3  4  5  6  7 |
---------------+----------------------+-----
Stealth        | 2 |  2.5
Ranged Weapons | 6 7 8 10 | 10.3
Fighting       | 3 4 5 |  5.8
Dodging        | |  2.4

Action                     |  1- 3 |  4- 6 |  7- 9 || total
---------------------------+-------+-------+-------++-------
   Fire: Shortbow          |    83 |    85 |   133 ||   301
    Use: Scroll            |     2 |     1 |     1 ||     4
         Potion            |       |     1 |     2 ||     3
 Armour: Leather armour    |     7 |     5 |    11 ||    23
  Dodge: Dodged            |    27 |    34 |    59 ||   120

Table legend: (Time is in decaauts)
 A = Elapsed time spent in this place.
 B = Non-inter-level travel time spent in this place.
 C = Inter-level travel time spent in this place.
 D = Time resting spent in this place.
 E = Time spent auto-exploring this place.
 F = Levels seen in this place.
 G = Mean time per level.
                   A        B        C        D        E       F      G
               +--------+--------+--------+--------+--------+-----+--------+
         Total |   3537 |   3419 |    118 |    943 |   1889 |   5 |  707.4 |
       Dungeon |   3537 |   3419 |    118 |    943 |   1889 |   5 |  707.4 |
               +--------+--------+--------+--------+--------+-----+--------+

Top non-repeatable levels by time:
     D:3: 1013 daAuts
     D:1: 975 daAuts
     D:4: 740 daAuts
     D:2: 673 daAuts
     D:5: 134 daAuts
